[Event "Titled Tuesday Blitz July 18 Late 2023"]
[White "Turayev, Shahruh"]
[Black "Pein, Jonathan"]
[WhiteFideId "14003856"]
[BlackFideId "417092"]
[WhiteElo "2783"]
[BlackElo "2433"]
[Result "0-1"]
[Round "1"]
[TimeControl "180+2"]
[Date "2023.07.18"]
[WhiteClock "0:00:00"]
[BlackClock "0:00:10"]
[Board "52"]

1. d4 Nf6 2. c4 d6 3. Nf3 g6 4. Nc3 Bg7 5. e4 O-O 6. Be2 e5 7. d5 h6 8. Be3 Ng4 9. Bd2 f5 10. h3 Nf6 11. Qc1 fxe4 12. Nh2 Kh7 13. Ng4 h5 14. Nxf6+ Qxf6 15. Nxe4 Qd8 16. g4 Kg8 17. Bh6 Na6 18. Rg1 Qh4 19. Bxg7 Kxg7 20. Qe3 hxg4 21. hxg4 Qh6 22. Ng5 Rf4 23. Ne4 Nb4 24. Kd1 Bd7 25. a3 Ba4+ 26. b3 Rxe4 27. Qxe4 Bxb3+ 28. Ke1 Nc2+ 29. Kf1 Nxa1 30. Rh1 Qf4 31. Qd3 Rf8 32. f3 Ba4 33. Kg2 Nb3 34. Bd1 Nc5 0-1


[Site "https://www.chess.com"]

[Event "Titled Tuesday Blitz July 18 Late 2023"]
[White "Sliwicki, Damian"]
[Black "Oganian, Miran"]
[WhiteFideId "1127128"]
[BlackFideId "4122488"]
[WhiteElo "2432"]
[BlackElo "2776"]
[Result "0-1"]
[Round "1"]
[TimeControl "180+2"]
[Date "2023.07.18"]
[WhiteClock "0:00:01"]
[BlackClock "0:00:32"]
[Board "53"]

1. e4 e6 2. d4 d5 3. exd5 exd5 4. Nf3 Nc6 5. Bb5 Bd6 6. c4 dxc4 7. d5 a6 8. Ba4 b5 9. dxc6 bxa4 10. Qxa4 Be6 11. O-O Ne7 12. Nc3 O-O 13. Bg5 Qe8 14. Nd4 Nd5 15. Nxd5 Bxd5 16. Rfe1 Qc8 17. Be7 Bxe7 18. Rxe7 Qg4 19. g3 Qxd4 20. Rd1 Bxc6 21. Rxd4 Bxa4 22. Rxc4 Bb5 23. Rcxc7 Rad8 24. b3 Rd2 25. a4 Be2 26. f4 Bf3 27. Re3 Ba8 28. h4 h5 29. Rce7 Kh7 30. R3e5 Bf3 31. Re3 Bg4 32. Re8 Rxe8 33. Rxe8 Be6 34. Ra8 Rd3 35. Kf2 Bd5 36. Rxa6 Rf3+ 37. Ke2 Rxb3 38. Ra5 Bf3+ 39. Kf2 Bg4 40. Ra7 Rf3+ 41. Kg2 Kg6 42. a5 Ra3 43. a6 Ra2+ 44. Kg1 Ra1+ 45. Kf2 Ra2+ 46. Ke3 Be2 47. f5+ Kf6 48. Rb7 Bxa6 49. Ra7 Bc4 50. Kf4 Rxa7 51. g4 hxg4 0-1


[Site "https://www.chess.com"]

[Event "Titled Tuesday Blitz July 18 Late 2023"]
[White "Morefield, Jason"]
[Black "Goncalves, Davi Sulzbacher"]
[WhiteFideId "30920825"]
[BlackFideId "2154510"]
[WhiteElo "2761"]
[BlackElo "2431"]
[Result "1-0"]
[Round "1"]
[TimeControl "180+2"]
[Date "2023.07.18"]
[WhiteClock "0:00:10"]
[BlackClock "0:00:00"]
[Board "54"]

1. a3 d5 2. Nf3 Nf6 3. g3 c5 4. Bg2 Nc6 5. O-O e5 6. d3 Be7 7. e4 d4 8. Nbd2 Bg4 9. h3 Bh5 10. Qe1 Nd7 11. Nh2 O-O 12. Kh1 b5 13. Rg1 Rc8 14. f4 f6 15. g4 Bf7 16. f5 c4 17. Ndf3 Nc5 18. Bf1 cxd3 19. cxd3 Nb3 20. Rb1 Nxc1 21. Rxc1 Qd6 22. h4 Kh8 23. g5 a5 24. Be2 b4 25. a4 Bb3 26. Bd1 Bg8 27. Qd2 Na7 28. Rxc8 Rxc8 29. Ng4 Rc7 30. gxf6 Bxf6 31. Qh2 Nc6 32. Nd2 Qe7 33. Bb3 Bxb3 34. Nxb3 Bxh4 35. Rc1 Bg5 36. Rc5 Bf4 37. Qh5 Rc8 38. Kg2 Na7 39. Rxc8+ Nxc8 40. Nxa5 Nd6 41. b3 Qc7 42. Nc4 h6 43. Nxd6 Qxd6 44. Qe8+ Kh7 45. Qc8 h5 46. Nf2 Qh6 47. Nh3 Bc1 48. Qc2 Qe3 49. Ng1 Bd2 50. Qd1 Be1 51. Qxh5+ 1-0


[Site "https://www.chess.com"]

[Event "Titled Tuesday Blitz July 18 Late 2023"]
[White "Gatterer, Florian"]
[Black "Schmakel, Sam"]
[WhiteFideId "811688"]
[BlackFideId "2039311"]
[WhiteElo "2430"]
[BlackElo "2761"]
[Result "0-1"]
[Round "1"]
[TimeControl "180+2"]
[Date "2023.07.18"]
[WhiteClock "0:00:00"]
[BlackClock "0:00:11"]
[Board "55"]

1. Nf3 d5 2. d4 e6 3. g3 b6 4. Bg2 Bb7 5. O-O Nd7 6. a4 a6 7. c4 dxc4 8. Nbd2 Ngf6 9. Nxc4 Be7 10. Nfe5 Bxg2 11. Kxg2 Nxe5 12. Nxe5 c5 13. dxc5 Bxc5 14. Bg5 Qc7 15. Bxf6 gxf6 16. Nd3 f5 17. Rc1 Qb7+ 18. Kg1 Be7 19. Qc2 O-O 20. Qc7 Ra7 21. Qxb7 Rxb7 22. Rc6 Rd8 23. Rfc1 Rdd7 24. R1c2 Kg7 25. Ne5 Rd5 26. Nd3 Bd6 27. f4 a5 28. Kg2 b5 29. b3 bxa4 30. bxa4 Be7 31. R2c4 Bf6 32. Kf3 Rb3 33. R6c5 Rxc5 34. Rxc5 Bd8 35. Rc8 Bf6 36. Rc5 Bc3 37. Rc4 Ra3 38. h3 h5 39. g4 hxg4+ 40. hxg4 fxg4+ 41. Kxg4 Kf6 42. Kf3 Ke7 43. Ke4 f5+ 44. Kf3 Kd6 45. Rc8 Bd2 46. Rc4 Bb4 47. Kf2 Rxa4 48. Ne5 Bc5+ 49. Kf3 Rb4 50. Rc2 Rb3+ 51. Nd3 Bb6 52. Kg2 a4 53. Ra2 a3 54. Nc1 Rc3 55. Nd3 Bc5 56. Kf3 Kd5 57. Kg2 Kc4 58. Ra1 Kb3 59. Rb1+ Ka2 60. Rb5 Be3 61. Rb7 Rc2 62. Nb4+ Kb1 63. Nxc2+ Kxc2 64. Rc7+ Kb1 65. Rc8 a2 66. Ra8 Bc5 67. Ra6 Kb2 68. Kf3 Ba3 69. Rb6+ Kc3 70. Rc6+ Kb4 71. Rb6+ Ka5 72. Rb8 a1=Q 73. Ra8+ Kb5 74. e3 Qf1+ 75. Kg3 Qg1+ 76. Kh3 Qg4+ 77. Kh2 Qe2+ 78. Kg3 Qxe3+ 79. Kg2 Qe4+ 80. Kh3 Qxa8 0-1


[Site "https://www.chess.com"]

[Event "Titled Tuesday Blitz July 18 Late 2023"]
[White "Priasmoro, Novendra"]
[Black "Arnold, Ken"]
[WhiteFideId "7105029"]
[BlackFideId "2056836"]
[WhiteElo "2760"]
[BlackElo "2429"]
[Result "1-0"]
[Round "1"]
[TimeControl "180+2"]
[Date "2023.07.18"]
[WhiteClock "0:01:46"]
[BlackClock "0:00:00"]
[Board "56"]

1. e4 c6 2. d4 d5 3. e5 Bf5 4. Nf3 e6 5. Be2 Nd7 6. O-O Ne7 7. Nbd2 Bg6 8. Nb3 Nf5 9. a4 Be7 10. a5 a6 11. c3 c5 12. dxc5 Nxc5 13. Nxc5 Bxc5 14. Bg5 Be7 15. Qa4+ Qd7 16. g4 Qxa4 17. Rxa4 Nh6 18. Bxe7 Kxe7 19. Rb4 Rab8 20. Nd4 Rhc8 21. h4 f5 22. Rb6 Bf7 23. g5 Ng8 24. Ra1 Rc5 25. Ra3 Kd7 26. Rd6+ Ke7 27. Rb3 Rbc8 28. Rxb7+ R5c7 29. Nc6+ 1-0


[Site "https://www.chess.com"]

[Event "Titled Tuesday Blitz July 18 Late 2023"]
[White "ArchibaldCerveza29"]
[Black "Matinian, Nikita"]
[BlackFideId "24129100"]
[WhiteElo "2428"]
[BlackElo "2748"]
[Result "0-1"]
[Round "1"]
[TimeControl "180+2"]
[Date "2023.07.18"]
[WhiteClock "0:00:00"]
[BlackClock "0:00:22"]
[Board "57"]

1. e4 c5 2. c3 Nf6 3. e5 Nd5 4. d4 Nc6 5. Nf3 cxd4 6. Bc4 Nb6 7. Bb3 d5 8. exd6 Qxd6 9. O-O g6 10. cxd4 Bg7 11. Be3 O-O 12. h3 Nd5 13. Nc3 Nxe3 14. fxe3 h6 15. Qe1 a6 16. Ne4 Qb4 17. Qg3 Bf5 18. Nc5 Kh7 19. Rac1 Rac8 20. Nh4 e6 21. Nxf5 exf5 22. Kh1 Qd2 23. Rc2 Qa5 24. Nxb7 Qb5 25. Rfc1 Qxb7 26. Bd5 Qb8 27. Qxb8 Rxb8 28. Bxc6 a5 29. b3 Rfd8 30. g3 Rd6 31. Rc5 Re6 32. R1c3 Bf8 33. R5c4 Bb4 34. Rd3 Kg7 35. Kg2 h5 36. Kf3 Rb6 37. d5 Rd6 38. Rc1 Rb8 39. Rc2 Rc8 40. Rd4 Rc7 41. Rdc4 Re7 42. Rc1 Bd2 43. R1c3 Bxc3 44. Rxc3 Kf6 45. Rc5 Re5 46. a3 g5 47. Rc4 g4+ 48. hxg4 fxg4+ 49. Kf4 Rf5+ 50. Ke4 Rf3 51. b4 axb4 52. axb4 Rxg3 53. b5 Rg1 54. b6 Rb1 55. b7 Rb2 56. Rc5 g3 57. Rc1 h4 58. Kf3 Kg5 59. e4 Rf6+ 60. Ke3 g2 61. Rg1 h3 62. e5 Rf1 63. d6 Rxg1 64. d7 Re1+ 0-1


[Site "https://www.chess.com"]

[Event "Titled Tuesday Blitz July 18 Late 2023"]
[White "Llorente Zaro, Alfonso"]
[Black "Manukian, Artak"]
[WhiteFideId "2254131"]
[BlackFideId "13301373"]
[WhiteElo "2745"]
[BlackElo "2427"]
[Result "1-0"]
[Round "1"]
[TimeControl "180+2"]
[Date "2023.07.18"]
[WhiteClock "0:00:10"]
[BlackClock "0:00:31"]
[Board "58"]

1. e4 c6 2. d4 d5 3. exd5 cxd5 4. Bf4 Nc6 5. c3 Nf6 6. Bd3 Bg4 7. Qb3 Qb6 8. Nd2 e6 9. h3 Bh5 10. Ngf3 Bg6 11. Be2 Be7 12. O-O O-O 13. Ne5 Nxe5 14. Qxb6 axb6 15. Bxe5 Rfc8 16. a3 Nd7 17. Bh2 Nb8 18. g4 Nc6 19. Kg2 Na5 20. Bg3 Nc4 21. Nxc4 dxc4 22. Bf3 Ra7 23. Rae1 Bd3 24. Rg1 b5 25. h4 Rd8 26. h5 Bd6 27. Bxd6 Rxd6 28. Re5 b4 29. axb4 Ra2 30. Bxb7 Rxb2 31. Rc1 h6 32. Ra5 f5 33. gxf5 Bxf5 34. Kg3 Kf7 35. Re1 Rb3 36. Re3 Bd3 37. Bc8 Rxc3 38. Ra7+ Kf6 39. Rf3+ Kg5 40. Rxg7+ Kxh5 41. Bb7 Rxd4 42. Bc6 Rb3 43. Be8+ Bg6 44. Bxg6+ Kg5 45. Be8# 1-0


[Site "https://www.chess.com"]

[Event "Titled Tuesday Blitz July 18 Late 2023"]
[White "NLLO777"]
[Black "Leiva, Gianmarco"]
[BlackFideId "3804399"]
[WhiteElo "2427"]
[BlackElo "2745"]
[Result "1-0"]
[Round "1"]
[TimeControl "180+2"]
[Date "2023.07.18"]
[WhiteClock "0:00:01"]
[BlackClock "0:00:00"]
[Board "59"]

1. d4 Nf6 2. c4 e6 3. Nf3 d5 4. g3 Bb4+ 5. Bd2 Be7 6. Bg2 O-O 7. O-O c6 8. Qc2 Nbd7 9. Bf4 a5 10. Nbd2 a4 11. e4 b6 12. cxd5 cxd5 13. e5 Ne8 14. h4 a3 15. Rfc1 axb2 16. Qxb2 Ba3 17. Qb3 Bxc1 18. Rxc1 Ba6 19. h5 h6 20. Qe3 Rc8 21. Rxc8 Qxc8 22. Bxh6 gxh6 23. Qxh6 Bd3 24. Qg5+ Kh7 25. Qe7 Ng7 26. Ng5+ Kg8 27. h6 Qc1+ 28. Nf1 Nf5 29. h7+ Kh8 30. Nxf7+ Rxf7 31. Qxf7 Qg5 32. Qxd7 Ng7 33. f4 Qg6 34. Kf2 Kxh7 35. Ne3 Be4 36. Bh3 Bf5 37. Bxf5 exf5 38. Qd6 Qh5 39. Qxd5 1-0


[Site "https://www.chess.com"]

[Event "Titled Tuesday Blitz July 18 Late 2023"]
[White "Meshkovs, Nikita"]
[Black "Delorme, Axel"]
[WhiteFideId "11602740"]
[BlackFideId "632023"]
[WhiteElo "2742"]
[BlackElo "2421"]
[Result "1/2-1/2"]
[Round "1"]
[TimeControl "180+2"]
[Date "2023.07.18"]
[WhiteClock "0:00:17"]
[BlackClock "0:00:05"]
[Board "60"]

1. d4 d5 2. Nf3 e6 3. c4 c6 4. Nc3 dxc4 5. g3 b5 6. Bg2 Bb7 7. Ne5 a6 8. O-O Nf6 9. b3 cxb3 10. Qxb3 Qxd4 11. Bf4 Qb6 12. a4 Be7 13. Rfd1 Nd5 14. a5 Qa7 15. Ne4 Nxf4 16. gxf4 O-O 17. f5 exf5 18. Nd6 Bxd6 19. Rxd6 c5 20. Nxf7 Bxg2 21. Nh6+ Kh8 22. Kxg2 Qb7+ 23. f3 Nc6 24. Rxc6 gxh6 25. Qc3+ Qg7+ 26. Qxg7+ Kxg7 27. Rxc5 Rac8 28. Rd5 b4 29. Rd6 Rf6 30. Rd7+ Rf7 31. Rd6 Rf6 32. Rd4 Rb8 33. Rb1 b3 34. Rd3 Re6 35. Kf2 Re5 36. Rdxb3 Rxb3 37. Rxb3 Rxa5 38. Rb7+ Kg6 39. Rb6+ Kg7 40. e3 Ra2+ 41. Kg3 a5 42. h4 Ra4 43. h5 Rb4 44. Ra6 a4 45. Ra5 Kf6 46. Ra7 Kg5 47. Rxh7 Kxh5 48. Rg7 a3 49. Ra7 Rb3 50. Kf4 Kg6 51. Ra6+ Kg7 52. Ra5 Kg6 53. Ra4 h5 54. Ra6+ Kg7 55. Re6 h4 56. Ra6 h3 57. Kg3 Rxe3 58. Kxh3 Rxf3+ 59. Kh4 Rb3 60. Kg5 Rf3 61. Ra7+ Kf8 62. Kf6 Ke8 63. Ke6 Kd8 64. Kd6 Kc8 65. Kc6 Kb8 66. Ra4 Rc3+ 67. Kd5 f4 68. Rxf4 a2 69. Rb4+ Kc8 70. Ra4 Rc2 71. Kd4 Kd7 72. Ke3 Rh2 73. Kd3 Kc6 74. Kc3 Kb5 75. Ra8 Kc5 76. Kb3 Kd4 77. Rxa2 Rxa2 78. Kxa2 1/2-1/2


[Site "https://www.chess.com"]

[Event "Titled Tuesday Blitz July 18 Late 2023"]
[White "i_like_explosions"]
[Black "Taranenko, Evgueniy"]
[BlackFideId "14122138"]
[WhiteElo "2421"]
[BlackElo "2742"]
[Result "0-1"]
[Round "1"]
[TimeControl "180+2"]
[Date "2023.07.18"]
[WhiteClock "0:00:03"]
[BlackClock "0:01:07"]
[Board "61"]

1. d4 f5 2. g3 Nf6 3. Bg2 d6 4. c4 g6 5. Nc3 Bg7 6. Nf3 O-O 7. O-O Qe8 8. b3 c6 9. Qc2 Nbd7 10. Ba3 h6 11. Rad1 g5 12. d5 c5 13. Bb2 a6 14. a4 Ng4 15. h3 Nge5 16. Nxe5 Nxe5 17. a5 f4 18. Ne4 Qh5 19. g4 Qg6 20. Bf3 h5 21. Bxe5 Bxe5 22. gxh5 Qh6 23. Bg4 Bf5 24. f3 Bd4+ 25. Kg2 Qh7 26. Rh1 Rf7 27. Qd3 Raf8 28. b4 Qg7 29. bxc5 dxc5 30. Qb3 Bxe4 31. fxe4 f3+ 32. exf3 Qe5 33. h4 gxh4 34. Rxh4 Kh8 35. Qd3 Rg7 36. Qd2 Rf4 37. Qe2 Qg5 38. Rdh1 Be5 39. h6 Rg6 40. Rh5 Rxg4+ 41. fxg4 Qf4 42. R1h4 Qg3+ 43. Kh1 Rf6 44. h7 Rf2 45. Qxf2 Qxf2 46. Rh6 Qf1# 0-1


[Site "https://www.chess.com"]

[Event "Titled Tuesday Blitz July 18 Late 2023"]
[White "Fernandez, Daniel"]
[Black "Herman, Daniel"]
[WhiteFideId "2015390"]
[BlackFideId "30935008"]
[WhiteElo "2741"]
[BlackElo "2419"]
[Result "1-0"]
[Round "1"]
[TimeControl "180+2"]
[Date "2023.07.18"]
[WhiteClock "0:00:03"]
[BlackClock "0:00:00"]
[Board "62"]

1. Nf3 g6 2. e3 Bg7 3. d4 Nf6 4. b3 O-O 5. Bb2 d6 6. Be2 Nbd7 7. Nbd2 e5 8. dxe5 Ng4 9. Nc4 Ndxe5 10. Nfxe5 Nxe5 11. Nxe5 dxe5 12. Qxd8 Rxd8 13. a4 Bf5 14. Rc1 Rd7 15. g4 Be4 16. f3 Bc6 17. e4 Rad8 18. Bc3 Bh6 19. Rd1 Rxd1+ 20. Bxd1 Bf4 21. Be2 Kg7 22. Bb5 Rd6 23. Bb4 Rd4 24. Bxc6 Rxb4 25. Bd5 Rd4 26. Bxb7 Rd2 27. c4 Rb2 28. O-O Bxh2+ 29. Kh1 Bf4 30. Bd5 Rxb3 31. a5 Rb2 32. a6 h5 33. gxh5 gxh5 34. Rg1+ Kf6 35. Rg8 h4 36. Rh8 Bg3 37. c5 Kg5 38. Rh7 Rb1+ 39. Kg2 Rb2+ 40. Kf1 Rf2+ 41. Kg1 Rxf3 42. Bxf7 Ra3 43. Bd5 Rxa6 44. c6 Ra1+ 45. Kg2 a5 46. Rxc7 a4 47. Rg7+ Kf4 48. c7 Rc1 49. Be6 h3+ 50. Bxh3 a3 51. c8=Q Rxc8 52. Bxc8 Be1 53. Ra7 Bb4 54. Ra4 1-0


[Site "https://www.chess.com"]

[Event "Titled Tuesday Blitz July 18 Late 2023"]
[White "Mikhalsky, Vladimir"]
[Black "Riehle, Marco"]
[WhiteFideId "14144352"]
[BlackFideId "12904392"]
[WhiteElo "2418"]
[BlackElo "2737"]
[Result "0-1"]
[Round "1"]
[TimeControl "180+2"]
[Date "2023.07.18"]
[WhiteClock "0:00:02"]
[BlackClock "0:00:43"]
[Board "63"]

1. d4 d5 2. c4 e6 3. Nf3 Nf6 4. g3 dxc4 5. Bg2 c5 6. O-O Nc6 7. Qa4 cxd4 8. Rd1 Bc5 9. Qxc4 Bb6 10. e3 O-O 11. exd4 Bd7 12. Ne5 Rc8 13. Nxd7 Qxd7 14. Bxc6 Rxc6 15. Qd3 Bxd4 16. Nc3 e5 17. Bg5 Ng4 18. Be3 Rd8 19. Nb5 h5 20. Nxa7 Rf6 21. Bxd4 exd4 22. Rd2 Ne5 23. Qe2 Nf3+ 24. Kg2 d3 25. Qe3 Nxd2 26. Qxd2 Qa4 27. Qe3 d2 28. b3 Qa5 29. Rd1 Ra6 30. b4 Qxa2 31. Qg5 f6 32. Qxh5 Rxa7 33. Qc5 Qd5+ 34. Qxd5+ Rxd5 0-1


[Site "https://www.chess.com"]

[Event "Titled Tuesday Blitz July 18 Late 2023"]
[White "Mikhailovsky, Vladimir"]
[Black "Mazurkiewicz, Michal"]
[WhiteFideId "34105414"]
[BlackFideId "1124943"]
[WhiteElo "2731"]
[BlackElo "2418"]
[Result "1-0"]
[Round "1"]
[TimeControl "180+2"]
[Date "2023.07.18"]
[WhiteClock "0:00:25"]
[BlackClock "0:00:00"]
[Board "64"]

1. e4 d6 2. d4 Nf6 3. Nc3 c6 4. g3 e5 5. Nge2 b5 6. a3 Be7 7. Bg2 O-O 8. O-O Nbd7 9. d5 cxd5 10. Nxd5 Nxd5 11. Qxd5 Rb8 12. Be3 Bb7 13. Qd2 Nb6 14. b3 Qc7 15. Nc3 a6 16. Rfc1 Rbc8 17. Nd5 Nxd5 18. exd5 f5 19. c4 Qd8 20. Bf1 Bf6 21. Rab1 bxc4 22. bxc4 Rb8 23. Ba7 Ra8 24. Rxb7 Qc8 25. Rcb1 f4 26. c5 fxg3 27. hxg3 dxc5 28. d6 Qc6 29. Bc4+ Kh8 30. Bd5 Qa4 31. Bb8 e4 32. Qf4 e3 33. Qxa4 exf2+ 34. Kf1 Bd4 35. R7b3 Raxb8 36. Rxb8 1-0


[Site "https://www.chess.com"]

[Event "Titled Tuesday Blitz July 18 Late 2023"]
[White "Stachanczyk, Jacek"]
[Black "Fantastic_Power"]
[WhiteFideId "1116657"]
[WhiteElo "2417"]
[BlackElo "2730"]
[Result "0-1"]
[Round "1"]
[TimeControl "180+2"]
[Date "2023.07.18"]
[WhiteClock "0:00:17"]
[BlackClock "0:00:23"]
[Board "65"]

1. e4 c5 2. Nf3 g6 3. d4 cxd4 4. Nxd4 Bg7 5. c4 Nc6 6. Be3 Nf6 7. Nc3 O-O 8. f3 d6 9. Qd2 Bd7 10. Be2 Nxd4 11. Bxd4 a5 12. a4 Bc6 13. O-O Nd7 14. Be3 Nc5 15. Bd1 Be5 16. f4 Bxc3 17. Qxc3 Nxe4 18. Qe1 f5 19. Bc2 e5 20. Kh1 Qe7 21. Rd1 h5 22. Rd3 Kh7 23. Qd1 Qh4 24. Bg1 Qg4 25. Qxg4 fxg4 26. Re3 Rxf4 27. Rxf4 exf4 28. Rxe4 Bxe4 29. Bxe4 Re8 30. Bxb7 Rb8 31. Bd5 Rxb2 32. c5 dxc5 33. Bxc5 Rb1+ 34. Bg1 Ra1 35. Bc6 Kg7 36. h3 g3 37. h4 Kf6 38. Bf3 Rxa4 39. Bd5 Ra1 40. Bf3 a4 41. Bd5 a3 42. Be4 a2 43. Bc2 Rxg1+ 44. Kxg1 a1=Q+ 45. Bb1 Qxb1# 0-1


[Site "https://www.chess.com"]

[Event "Titled Tuesday Blitz July 18 Late 2023"]
[White "Sokolovsky, Yahli"]
[Black "Jian, Alex"]
[WhiteFideId "2820242"]
[BlackFideId "30901022"]
[WhiteElo "2726"]
[BlackElo "2417"]
[Result "1-0"]
[Round "1"]
[TimeControl "180+2"]
[Date "2023.07.18"]
[WhiteClock "0:00:03"]
[BlackClock "0:00:00"]
[Board "66"]

1. b3 Nf6 2. Bb2 d5 3. Nf3 c5 4. e3 Nc6 5. d4 Bg4 6. Be2 e6 7. h3 Bh5 8. Ne5 Bxe2 9. Qxe2 Nxe5 10. dxe5 Nd7 11. O-O Be7 12. f4 O-O 13. c4 Nb6 14. Nc3 dxc4 15. bxc4 Qc7 16. Ne4 Rad8 17. Nf6+ Kh8 18. Qh5 gxf6 19. f5 fxe5 20. Rf4 f6 21. Rh4 Bd6 22. fxe6 Qg7 23. Rg4 Qe7 24. Qf5 Rg8 25. Rh4 Rg5 26. Rxh7+ Kg8 27. Rxe7 Rxf5 28. Rxb7 Nxc4 29. Bc3 Re8 30. Rxa7 Rxe6 31. Rb1 Nxe3 32. Rbb7 Rg5 33. g4 Bf8 34. Bd2 Rg7 35. Rxg7+ Bxg7 36. Bxe3 Rc6 37. Kf2 c4 38. Ke2 c3 39. Kd1 c2+ 40. Kc1 Bf8 41. h4 Bd6 42. h5 e4 43. h6 Be5 44. Ra4 Kh8 45. Rxe4 Rc8 46. Rxe5 fxe5 47. g5 Kh7 48. a4 Kg6 49. a5 Ra8 50. Bd2 e4 51. Kxc2 e3 52. Bc3 Rc8 53. Kd3 e2 54. Bd2 e1=Q 55. Bxe1 Kxg5 56. Bd2+ Kg6 57. Be3 Rh8 58. Kc4 Kf7 59. Kb5 Ke6 60. Kb6 Rh7 61. a6 Kd6 62. a7 Rh8 63. Bf4+ Ke6 64. Bb8 Rxh6 65. a8=Q Kd7+ 66. Kb7 Rh3 67. Qa4+ Kd8 68. Qd4+ 1-0


[Site "https://www.chess.com"]

[Event "Titled Tuesday Blitz July 18 Late 2023"]
[White "Lima, Kleyton Alcantara"]
[Black "Yanchenko, Roman"]
[WhiteFideId "22718397"]
[BlackFideId "4137329"]
[WhiteElo "2416"]
[BlackElo "2725"]
[Result "1-0"]
[Round "1"]
[TimeControl "180+2"]
[Date "2023.07.18"]
[WhiteClock "0:00:13"]
[BlackClock "0:00:04"]
[Board "67"]

1. d4 d5 2. c4 c6 3. Nf3 Nf6 4. e3 a6 5. Nc3 g6 6. Bd3 Bg7 7. O-O O-O 8. Qc2 b5 9. cxd5 cxd5 10. h3 Bb7 11. Bd2 Nc6 12. a3 Rc8 13. Rac1 Na5 14. b3 e6 15. Qb2 Qb6 16. Ne2 Ne4 17. Bb4 Rfd8 18. Bxe4 dxe4 19. Nd2 f5 20. Bxa5 Qxa5 21. b4 Qb6 22. Nb3 Bd5 23. Rc5 Bc4 24. Rc1 Qd6 25. Na5 Rxc5 26. bxc5 Qxc5 27. Nb7 Qc7 28. Nxd8 Qxd8 29. a4 Qd6 30. axb5 axb5 31. Nc3 Qc6 32. Rb1 Bd3 33. Ra1 e5 34. Qb4 exd4 35. exd4 h5 36. Ra7 Bf8 37. Qa5 b4 38. Nd5 h4 39. Qd8 Qc1+ 40. Kh2 Qh6 41. Nf6+ Kh8 42. Rh7+ Qxh7 43. Nxh7 Kxh7 44. Qxf8 b3 45. Qf7+ Kh6 46. Qxb3 Kg5 47. Qf7 Be2 48. Qe7+ Kh6 49. d5 e3 50. Qxh4+ Kg7 51. Qe7+ Kh6 52. Qxe3+ f4 53. Qxe2 g5 54. Qg4 f3 55. Qxf3 1-0


[Site "https://www.chess.com"]

[Event "Titled Tuesday Blitz July 18 Late 2023"]
[White "Nasuta, Grzegorz"]
[Black "Baches Garcia, Guillermo"]
[WhiteFideId "1141686"]
[BlackFideId "2209764"]
[WhiteElo "2717"]
[BlackElo "2416"]
[Result "1-0"]
[Round "1"]
[TimeControl "180+2"]
[Date "2023.07.18"]
[WhiteClock "0:00:20"]
[BlackClock "0:00:00"]
[Board "68"]

1. e4 c5 2. Nf3 d6 3. d4 cxd4 4. Nxd4 Nf6 5. Nc3 Nc6 6. f3 e5 7. Nb3 Be6 8. Nd5 Be7 9. Be3 O-O 10. c3 Nd7 11. Qd2 a5 12. a4 f5 13. exf5 Bxf5 14. Bd3 Bxd3 15. Qxd3 Bg5 16. O-O Bxe3+ 17. Qxe3 Qh4 18. Rfd1 Rad8 19. Qe4 Qh6 20. Rd3 Kh8 21. Rad1 Qe6 22. Qc4 h6 23. Ne3 Qxc4 24. Nxc4 Nc5 25. Nxc5 dxc5 26. Rxd8 Rxd8 27. Rxd8+ Nxd8 28. Nxa5 Kg8 29. Kf2 Kf7 30. Ke3 Ke6 31. Ke4 g5 32. g4 b6 33. Nc4 Nf7 34. h3 1-0


[Site "https://www.chess.com"]

[Event "Titled Tuesday Blitz July 18 Late 2023"]
[White "Jonkman, Harmen"]
[Black "Volovich, Vasily"]
[WhiteFideId "1002708"]
[BlackFideId "34169676"]
[WhiteElo "2414"]
[BlackElo "2710"]
[Result "0-1"]
[Round "1"]
[TimeControl "180+2"]
[Date "2023.07.18"]
[WhiteClock "0:00:00"]
[BlackClock "0:00:57"]
[Board "69"]

1. d4 Nf6 2. Nf3 e6 3. Bf4 d5 4. e3 c5 5. Nbd2 Nc6 6. c3 Be7 7. Bd3 Nh5 8. Be5 f6 9. Bg3 g6 10. dxc5 Bxc5 11. e4 f5 12. exd5 exd5 13. Bh4 Be7 14. Bxe7 Qxe7+ 15. Qe2 Nf4 16. Qxe7+ Kxe7 17. Bf1 Kd6 18. O-O-O Be6 19. g3 Nh5 20. Bg2 Nf6 21. Rhe1 Rhe8 22. Nc4+ Kc5 23. Nce5 Ne4 24. Nd3+ Kb6 25. Nd4 Nxd4 26. cxd4 Rac8+ 27. Kb1 Bd7 28. Nf4 Nxf2 29. Nxd5+ Ka5 30. b4+ Ka4 31. Rxe8 Bxe8 32. Rd2 Ng4 0-1


[Site "https://www.chess.com"]

[Event "Titled Tuesday Blitz July 18 Late 2023"]
[White "Goltsev, Dmitry"]
[Black "KorolDimitriy75"]
[WhiteFideId "24176710"]
[WhiteElo "2710"]
[BlackElo "2413"]
[Result "1/2-1/2"]
[Round "1"]
[TimeControl "180+2"]
[Date "2023.07.18"]
[WhiteClock "0:00:52"]
[BlackClock "0:00:14"]
[Board "70"]

1. e4 c5 2. Nf3 d6 3. d4 cxd4 4. Nxd4 Nf6 5. Nc3 g6 6. Be2 Bg7 7. O-O O-O 8. Be3 Nc6 9. f4 Qb6 10. Qd2 Nxe4 11. Nxe4 Bxd4 12. Bxd4 Qxd4+ 13. Qxd4 Nxd4 14. Bd3 Bf5 15. c3 Nc6 16. Rfe1 Rfe8 17. Rad1 Rac8 18. h3 h5 19. Re3 Kg7 20. Kf2 d5 21. Nc5 Bxd3 22. Nxd3 e6 23. Rde1 h4 24. R1e2 Ne7 25. Ne1 Nf5 26. Rd3 Red8 27. Nf3 Kf6 28. Ne5 a6 29. Red2 b5 30. a3 Rc7 31. Re2 Rdc8 32. Ng4+ Kg7 33. Kf3 Nd6 34. Ke3 Nf5+ 35. Kf2 Rb8 36. Ne5 Rbc8 37. Re1 Kf6 38. Kf3 Rb8 39. Red1 Rbc8 40. Ra1 Rb8 41. Rd2 a5 42. Kf2 Nd6 43. Rd4 Nc4 44. Nd3 Nd6 45. Ne5 Nc4 46. Nd3 Nd6 47. Ne5 1/2-1/2


[Site "https://www.chess.com"]

[Event "Titled Tuesday Blitz July 18 Late 2023"]
[White "Uzcategui Rodriguez, Alejandro"]
[Black "Rychagov, Andrey"]
[WhiteFideId "3903400"]
[BlackFideId "4119932"]
[WhiteElo "2413"]
[BlackElo "2707"]
[Result "1-0"]
[Round "1"]
[TimeControl "180+2"]
[Date "2023.07.18"]
[WhiteClock "0:02:03"]
[BlackClock "0:02:02"]
[Board "71"]

1. b3 e5 2. Bb2 d6 3. e3 Nc6 4. c4 Nf6 5. Nc3 Be7 6. d3 O-O 7. Nf3 h6 8. Be2 Be6 9. e4 Nd7 10. O-O f6 11. Nd5 f5 12. exf5 Bxf5 13. Ne3 Be6 14. d4 exd4 15. Nxd4 Nxd4 16. Bxd4 Bf6 17. Bf3 Rb8 18. Bxa7 Bxa1 19. Qxa1 Ra8 20. Bd4 c6 21. Bxg7 Rxf3 22. gxf3 Qg5+ 23. Kh1 Kh7 24. Rg1 Qf5 25. Nxf5 1-0


[Site "https://www.chess.com"]

[Event "Titled Tuesday Blitz July 18 Late 2023"]
[White "Kushko, Dmitriy"]
[Black "Rosenberg, Evan S"]
[WhiteFideId "14162261"]
[BlackFideId "2019299"]
[WhiteElo "2706"]
[BlackElo "2412"]
[Result "1-0"]
[Round "1"]
[TimeControl "180+2"]
[Date "2023.07.18"]
[WhiteClock "0:02:45"]
[BlackClock "0:02:10"]
[Board "72"]

1. Nf3 d5 2. g3 Nd7 3. d4 Nb6 4. Bg2 Nf6 5. O-O Bf5 6. a4 a5 7. Ne5 e6 8. f3 h6 9. e4 dxe4 10. fxe4 Bxe4 11. Bxe4 Nxe4 12. Nxf7 Qd5 13. Nxh8 Bd6 14. Nf7 Bxg3 1-0


[Site "https://www.chess.com"]

[Event "Titled Tuesday Blitz July 18 Late 2023"]
[White "Todev, Simeon"]
[Black "Haydon, David L"]
[WhiteFideId "2925133"]
[BlackFideId "415405"]
[WhiteElo "2412"]
[BlackElo "2705"]
[Result "0-1"]
[Round "1"]
[TimeControl "180+2"]
[Date "2023.07.18"]
[WhiteClock "0:00:45"]
[BlackClock "0:01:52"]
[Board "73"]

1. e4 c6 2. c4 d5 3. exd5 cxd5 4. d4 Nf6 5. Nc3 e6 6. Nf3 dxc4 7. Bxc4 Be7 8. O-O O-O 9. Bg5 a6 10. Bd3 Nc6 11. Bc2 Nb4 12. Bb3 b5 13. a3 Nbd5 14. Nxd5 Nxd5 15. Bxd5 exd5 16. Bxe7 Qxe7 17. Re1 Be6 18. Qd2 h6 19. Rac1 Rfc8 20. Qa5 Qb7 21. Ne5 Rab8 22. Nd3 Rc4 23. Nc5 Qc6 24. Rxc4 bxc4 25. Qc3 Qb6 26. Re2 Qd6 27. Qe3 a5 28. f3 Re8 29. Qe5 Qb6 30. f4 Bd7 31. Qxe8+ Bxe8 32. Rxe8+ Kh7 33. Re2 Qf6 34. Re5 Qxf4 35. Rxd5 Qc1+ 36. Kf2 Qxb2+ 37. Kf1 c3 38. Nd3 Qd2 39. Ne1 c2 0-1


[Site "https://www.chess.com"]